 Dungeon Crawl Stone Soup version 0.29.1-13-g9f3cf754e1 (webtiles) character file.

Game seed: 6626408693810794716

84 Heoruswealwe the Covered (level 4, 0/41 HPs)
             Began as a Minotaur Fighter on Feb 9, 2023.
             Slain by an endoplasm (2 damage)
             ... on level 3 of the Dungeon on Feb 10, 2023.
             The game lasted 00:10:59 (1023 turns).

Heoruswealwe the Covered (Minotaur Fighter)         Turns: 1023, Time: 00:10:59

Health: 0/41       AC: 10    Str: 22    XL:     4   Next: 24%
Magic:  3/3        EV:  7    Int:  5    God:
Gold:   11         SH:  0    Dex: 10    Spells: 3/3 levels left

rFire   . . .      SeeInvis .   a - +0 trident
rCold   . . .      Faith    .   c - +0 buckler
rNeg    . . .      Spirit   .   i - +0 chain mail
rPois   +          Reflect  .   (helmet restricted)
rElec   .          Harm     .   t - +0 cloak
rCorr   .          Rampage  .   (no gloves)
Will    .....                   (no boots)
Stlth   ..........              (no amulet)
HPRegen 0.13/turn               q - ring of poison resistance
MPRegen 0.08/turn               (no ring)

@: confused
A: horns 2, retaliatory headbutt
a: no special abilities


You were on level 3 of the Dungeon.
You visited 1 branch of the dungeon, and saw 3 of its levels.

You collected 11 gold pieces.

Inventory:

Hand Weapons
 a - a +0 trident (weapon)
 g - a +1 whip of venom
 j - a +0 short sword
 m - a +0 whip
 o - a +0 dagger
 r - a +0 club
 u - a +0 dagger
 v - a +0 dagger
 x - a +0 mace
 y - a +0 spear
 z - a +0 dagger
 A - a +0 short sword of electrocution
 E - a +0 dagger
 G - a +0 dagger
Missiles
 f - 44 stones (quivered)
Armour
 b - a +0 scale mail
 c - a +0 buckler (worn)
 i - a +0 chain mail (worn)
 p - a +0 leather armour
 t - a +0 cloak (worn)
 F - a +0 leather armour
Jewellery
 n - a ring of fire
 q - a ring of poison resistance (left hand)
 C - a ring of protection from fire
Scrolls
 e - a scroll of noise {unknown}
 k - a scroll of silence {unknown}
 w - a scroll of butterflies {unknown}
 D - 4 scrolls of fear {unknown}
Potions
 d - 2 potions of might
 h - a potion of heal wounds {unknown}
 l - a potion of resistance {unknown}
 s - a potion of invisibility {unknown}
 B - a potion of attraction {unknown}


   Skills:
 + Level 4.4 Fighting
 + Level 3.3 Polearms
 + Level 4.4 Armour
 + Level 4.4 Shields


You had 3 spell levels left.
You didn't know any spells.
Your spell library contained the following spells:

 Spells                   Type           Power      Damage    Failure   Level
 Sandblast                Erth           0%         2d4       99%         1
 Passwall                 Tmut/Erth      0%         N/A       100%        2
 Stone Arrow              Conj/Erth      0%         3d7       100%        3


Dungeon Overview and Level Annotations

Branches:
Dungeon (3/15)

Altars:
Makhleb

Annotations:
D:3 Ijyb


Innate Abilities, Weirdness & Mutations

You have a pair of horns on your head.
You reflexively headbutt those who attack you in melee.


Message History

You kill the goblin!
You puncture the bush!
The bush is lightly damaged.
The quokka closely misses you. You furiously retaliate!
You headbutt the quokka.
Things that are here:
a +0 dagger; a goblin corpse The quokka closely misses you.
You furiously retaliate!
You headbutt the quokka!
You kill the quokka!
Things that are here:
a +0 dagger; a goblin corpse
G - a +0 dagger Ijyb the Twisted Goblin comes into view.
She is wielding a +0 dagger and carrying a wand of charming (10).
Ijyb shouts!
An endoplasm comes into view.
You barely miss Ijyb. Ijyb hits you but does no damage.
You closely miss Ijyb.
Ijyb zaps a wand.
Your will is overpowered!
You are confused.
You bump into the rock wall.
Ijyb hits you with a +0 dagger.
You bump into the rock wall.
Ijyb hits you but does no damage.
Ijyb zaps a wand.
Your will is overpowered!
You are more confused.
Ijyb hits you but does no damage. Ijyb hits you with a +0 dagger.
You bump into the rock wall.
Ijyb hits you but does no damage. The endoplasm hits you.
* * * LOW HITPOINT WARNING * * *
You bump into the rock wall.
Ijyb hits you with a +0 dagger.
* * * LOW HITPOINT WARNING * * *
The endoplasm freezes you.
You are frozen.
* * * LOW HITPOINT WARNING * * *
Ijyb hits you with a +0 dagger.
* * * LOW HITPOINT WARNING * * *
The endoplasm hits you but does no damage.
You hit the endoplasm.
The endoplasm is heavily wounded.
Ijyb zaps a wand.
You resist with some effort. The endoplasm hits you.
You die... . ..## P P.P ... ..P.P. ..# PPPPP.P

.. P.....P ##.# #######
P.PPP.P##..# #.....#
..P...P...#.# #.##.##
P.PPP.P.P.g.###.# #.##.#
......P.P@J.....# #.##.#
PPPPPPPP.#.....# #.##.#
.# #.....†.#.....# #.##.#
...#.....#######.#.#.##.#
...#.....#######.#.#.##.#
...................#.##.#
....#.#.#######.###.##.#
..#...†.#<..........##.#
. ###.#.###...##....##.#


You could see Ijyb and an endoplasm.

Vanquished Creatures
  Natasha (D:2)
  A gnoll (D:1)
  An adder (D:3)
  3 dart slugs
  3 endoplasms (D:1)
  3 goblins
  5 hobgoblins
  2 jackals (D:1)
  A quokka (D:3)
  4 ball pythons
  3 bats (D:1)
  2 frilled lizards (D:1)
  6 kobolds
  3 rats
38 creatures vanquished.

Vanquished Creatures (others)
  2 demonic plants (D:1)
2 creatures vanquished.

Grand Total: 40 creatures vanquished

Notes
Turn   | Place    | Note
-------+----------+-------------------------------------------
     0 | D:1      | Heoruswealwe the Minotaur Fighter began the quest for the
                  | Orb.
     0 | D:1      | Reached XP level 1. HP: 19/19 MP: 0/0
   270 | D:1      | Reached XP level 2. HP: 27/27 MP: 1/1
   578 | D:1      | Reached XP level 3. HP: 12/33 MP: 2/2
   640 | D:1      | Found a faded altar of an unknown god.
   640 | D:1      | Noticed an ice devil
   653 | D:1      | Prayed at the altar of an unknown god.
   653 | D:1      | Became a worshipper of Makhleb the Destroyer
   653 | D:1      | Reached * piety under Makhleb
   655 | D:1      | Fell from the grace of Makhleb
   824 | D:2      | Noticed Natasha
   830 | D:2      | Killed Natasha
   936 | D:3      | Reached XP level 4. HP: 6/41 MP: 3/3
  1008 | D:3      | Noticed Ijyb
  1022 | D:3      | HP: 1/41 [Ijyb/+0 dagger (3)]
  1023 | D:3      | Slain by an endoplasm

Illustrated notes

Levels and vault maps discovered:
D:1:      dpeg_arrival_snail, layout_basic,
          dreamdust_ecumenical_altar_sealed_demon
D:2:      layout_basic, basic_altar, uniq_natasha, uniq_sigmund
D:3:      layout_basic, gammafunk_ghost_mausoleum, minmay_hedge_maze, uniq_ijyb,
          uniq_terence

Skill      XL: |  1  2 |
---------------+-------+-----
Fighting       | 4 |  4.4
Shields        | 4 |  4.4
Polearms       | 3 |  3.3
Armour         | 4 |  4.4

Action                   |  1- 3 |  4- 6 || total
-------------------------+-------+-------++-------
Melee: Trident           |    83 |    21 ||   104
       Headbutt          |    15 |     3 ||    18
Invok: Renounce Religion |     1 |       ||     1
Armor: Scale mail        |    10 |       ||    10
       Chain mail        |    24 |    19 ||    43
Dodge: Dodged            |    18 |     9 ||    27
Block: Buckler           |    22 |     7 ||    29
